Map: [ESL] Ancient Cistern

Players

Neeb - Winner!

  • Race: Protoss Protoss
  • League: Master

Dark

  • Race: Zerg Zerg

Event: IEM Katowice 2023

VOD

Have the link to the VOD?

Description

Time

  • Played on: Feb. 11, 2023, 5:15 a.m.
  • Length: 10:31

All games in this series

Show
View Real Time Build Order
Export as new Build Order

Neeb Protoss - Winner!

Build Orders: 1 Gate Expand, Oracle Opening, Zealot Archon 

Get SALT Encoding   

  12  0:00  Probe  
  13  0:12  Probe  
  14  0:19  Pylon  
  14  0:24  Probe  
  15  0:37  Probe (Chrono Boost)  
  15  0:39  Gateway  
  16  0:46  Probe (Chrono Boost)  
  16  0:49  Assimilator  
  17  0:51  Probe (Chrono Boost)  
  18  1:03  Probe  
  19  1:15  Probe  
  20  1:25  Nexus  
  20  1:35  Cybernetics Core  
  20  1:38  Probe  
  21  1:44  Assimilator  
  21  1:50  Probe  
  21  1:52  Pylon  
  22  2:02  Probe (Chrono Boost)  
  23  2:11  Warp Gate, Adept, Probe (Chrono Boost)  
  26  2:16  Probe (Chrono Boost)  
  27  2:28  Probe (Chrono Boost)  
  28  2:30  Stargate  
  28  2:35  Probe (Chrono Boost)  
  29  2:37  Probe (Chrono Boost)  
  29  2:41  Stalker  
  33  2:46  Probe (Chrono Boost)  
  33  2:47  Probe (Chrono Boost)  
  34  2:51  Probe (Chrono Boost)  
  34  2:55  Probe  
  34  2:58  Gateway  
  36  3:03  Probe  
  37  3:07  Probe  
  37  3:11  Oracle (Chrono Boost)  
  38  3:14  Pylon  
  38  3:16  Probe  
  38  3:17  Adept  
  44  3:20  Probe  
  45  3:28  Probe  
  45  3:32  Probe  
  47  3:38  Oracle (Chrono Boost)  
  47  3:41  Probe  
  51  3:43  Pylon  
  51  3:44  Probe  
  52  3:53  Probe  
  52  3:54  Nexus  
  53  3:59  Pylon  
  53  4:03  Pylon, Probe  
  53  4:09  Probe  
  55  4:10  Assimilator  
  55  4:12  Assimilator, Oracle (Chrono Boost)  
  58  4:18  Probe  
  59  4:24  Adept  
  59  4:25  Probe, Adept  
  59  4:30  Probe  
  65  4:39  Gateway  
  65  4:41  Gateway  
  65  4:44  Twilight Council  
  65  4:45  Forge  
  65  4:46  Probe  
  65  4:47  Probe  
  67  4:58  Probe  
  68  5:00  Probe  
  68  5:06  Probe  
  70  5:10  Probe  
  70  5:12  Probe  
  67  5:18  Protoss Ground Weapons Level 1, Probe  
  67  5:20  Charge  
  66  5:23  Templar Archives  
  66  5:27  Probe  
  66  5:28  Gateway  
  67  5:29  Gateway  
  67  5:32  Gateway, Sentry, Probe, Zealot  
  67  5:34  Gateway  
  72  5:36  Shield Battery, Probe  
  72  5:39  Pylon  
  73  5:43  Probe  
  73  5:44  Probe  
  73  5:48  Probe  
  76  5:50  Robotics Facility  
  76  5:52  Assimilator  
  76  5:54  Assimilator  
  76  5:55  Probe  
  76  5:56  Probe  
  78  6:00  Probe  
  77  6:07  Probe  
  77  6:10  Zealot x4  
  84  6:16  Pylon, Probe  
  84  6:18  Pylon, Gateway  
  85  6:21  Gateway  
  85  6:22  Gateway  
  85  6:27  Stalker x2  
  85  6:28  Stalker  
  85  6:30  Sentry  
  93  6:39  Observer (Chrono Boost)  
  94  6:42  High Templar  
  94  6:43  High Templar, Zealot x2  
  102  6:47  Archon  
  88  6:58  Zealot x4  
  88  6:59  Warp Prism (Chrono Boost)  
  88  7:00  Probe  
  93  7:04  Zealot x2  
  91  7:10  Pylon x2  
  87  7:18  High Templar x2  
  87  7:19  High Templar x2  
  87  7:20  Zealot  
  97  7:23  Archon x2  
  97  7:27  Nexus  
  97  7:28  Pylon  
  91  7:35  Zealot x3  
  97  7:38  Probe x2  
  92  7:50  Zealot  
  92  7:51  Zealot x2  
  98  7:53  High Templar x2  
  98  7:57  Archon  
  96  7:59  Nexus  
  96  8:00  Pylon  
  96  8:03  Protoss Ground Weapons Level 2 (Chrono Boost)  
  96  8:04  High Templar x2, Zealot  
  102  8:05  Probe  
  102  8:06  Probe  
  102  8:09  Archon  
  104  8:13  Zealot x3  
  104  8:16  Probe  
  104  8:18  Probe x2  
  104  8:19  Shield Battery  
  113  8:21  Photon Cannon  
  113  8:26  Zealot x3  
  119  8:33  Probe  
  120  8:38  Zealot x5  
  130  8:46  Probe  
  130  8:47  Immortal (Chrono Boost)  
  125  8:53  Zealot x3  
  125  8:59  Zealot x4  
  125  9:00  Zealot  
  134  9:03  Probe  
  131  9:15  Probe  
  112  9:17  High Templar x2  
  112  9:18  Probe x2  
  112  9:19  High Templar x2  
  112  9:20  High Templar x2, Zealot x3, Sentry  
  132  9:25  Archon  
  132  9:26  Archon  
  132  9:27  Archon  
  132  9:29  Assimilator x2  
  132  9:30  Pylon  
  132  9:33  Zealot  
  132  9:36  Immortal (Chrono Boost)  
  136  9:48  Zealot, Sentry x2  
  136  9:49  Zealot  
  144  9:58  Zealot x7  
  160  10:15  Pylon  
  160  10:17  Pylon  
  160  10:18  Pylon  
  160  10:19  Pylon  
  160  10:21  Pylon  
Show
View Real Time Build Order
Export as new Build Order

Dark Zerg 

Build Orders: Hatch First 

Get SALT Encoding   

  12  0:00  Drone  
  13  0:13  Overlord  
  13  0:17  Drone  
  14  0:32  Drone x2  
  16  0:36  Drone  
  17  0:54  Hatchery  
  17  0:56  Drone  
  17  1:00  Drone  
  18  1:10  Extractor  
  17  1:15  Spawning Pool  
  16  1:19  Drone  
  16  1:21  Drone  
  18  1:33  Drone  
  20  1:40  Drone  
  20  1:52  Drone  
  21  2:02  Zergling x2  
  21  2:05  Queen x2  
  21  2:06  Zergling x2  
  27  2:11  Metabolic Boost  
  27  2:13  Overlord  
  27  2:17  Drone  
  28  2:32  Drone x2  
  28  2:35  Drone  
  31  2:40  Hatchery  
  30  2:45  Drone  
  30  2:46  Drone  
  30  2:50  Queen  
  34  2:56  Overlord  
  34  3:03  Queen  
  36  3:15  Drone x4  
  36  3:18  Overlord  
  36  3:19  Drone x2  
  42  3:23  Overlord  
  42  3:25  Zergling x2  
  43  3:32  Zergling x2  
  43  3:33  Overlord  
  44  3:41  Queen x2  
  46  3:45  Drone  
  49  3:52  Drone x2  
  49  3:54  Spore Crawler  
  49  3:55  Drone x2  
  52  3:57  Drone  
  52  3:58  Drone  
  54  4:07  Drone x2, Spore Crawler  
  54  4:08  Drone  
  54  4:09  Drone x2  
  56  4:19  Drone x6  
  60  4:30  Drone x3  
  63  4:37  Drone x2  
  65  4:39  Spore Crawler  
  65  4:43  Hatchery  
  65  4:45  Drone x3  
  66  4:50  Evolution Chamber  
  66  4:51  Overlord  
  65  4:56  Overlord  
  65  5:02  Overlord  
  65  5:04  Extractor  
  65  5:05  Extractor  
  65  5:07  Drone x6  
  66  5:08  Drone  
  66  5:10  Drone  
  66  5:11  Drone  
  66  5:13  Drone  
  62  5:16  Drone x2  
  62  5:17  Zerg Melee Weapons Level 1  
  59  5:22  Drone x2  
  59  5:24  Drone  
  59  5:28  Drone  
  63  5:29  Drone  
  63  5:31  Drone  
  63  5:34  Drone  
  63  5:35  Drone x2  
  68  5:39  Baneling Nest  
  67  5:44  Zergling x2  
  67  5:45  Zergling x8  
  67  5:47  Zergling x2  
  73  5:50  Zergling x4  
  73  5:51  Zergling x2  
  73  6:08  Zergling x20  
  79  6:15  Zergling x8  
  82  6:22  Zergling x8  
  86  6:29  Baneling x8  
  86  6:32  Baneling x6  
  86  6:33  Baneling  
  86  6:35  Baneling  
  86  6:36  Zergling x2  
  87  6:43  Zergling x10  
  81  6:57  Zergling x16  
  81  7:01  Zergling x8  
  81  7:03  Zergling x2  
  81  7:06  Zergling x4  
  82  7:09  Zergling x4  
  82  7:14  Drone x3  
  82  7:15  Drone  
  82  7:17  Drone  
  82  7:18  Drone  
  84  7:24  Drone  
  84  7:25  Roach Warren  
  84  7:28  Drone x2  
  84  7:29  Drone  
  84  7:30  Drone  
  84  7:31  Drone  
  84  7:33  Drone  
  87  7:38  Baneling x4  
  78  7:45  Lair  
  78  7:46  Zergling x10  
  78  7:48  Zergling x2  
  78  7:49  Zergling x2  
  84  7:55  Zergling x10  
  84  7:57  Zergling x4  
  86  8:02  Drone x2, Spore Crawler  
  86  8:03  Zerg Missile Weapons Level 1  
  87  8:06  Roach  
  87  8:09  Roach x2  
  87  8:11  Roach  
  95  8:13  Overlord  
  95  8:16  Overlord  
  95  8:17  Overlord  
  95  8:19  Overlord  
  95  8:21  Baneling  
  95  8:22  Baneling x3  
  95  8:24  Overlord  
  95  8:30  Drone  
  95  8:31  Baneling  
  95  8:32  Baneling x3  
  95  8:33  Roach x3  
  102  8:36  Roach  
  102  8:37  Roach  
  102  8:39  Roach  
  102  8:40  Roach  
  110  8:42  Roach  
  110  8:43  Roach  
  110  8:45  Roach  
  110  8:46  Roach  
  110  8:53  Roach x3  
  110  8:55  Roach  
  113  8:56  Roach  
  113  8:59  Roach  
  112  9:04  Roach x2  
  101  9:11  Roach  
  101  9:15  Drone x2  
  93  9:19  Drone  
  93  9:23  Drone  
  95  9:28  Drone  
  96  9:32  Drone  
  96  9:33  Drone  
  98  9:40  Drone x3  
  98  9:41  Drone  
  98  9:43  Drone  
  100  9:46  Drone  
  100  9:48  Drone x2  
  100  9:50  Drone  
  104  9:58  Extractor  
  104  9:59  Extractor  
  102  10:01  Drone x4  
  102  10:03  Extractor  
  105  10:11  Roach x3  
  105  10:16  Hatchery, Spore Crawler  
  103  10:23  Ravager  
  103  10:24  Ravager x2  

Tags
 
Add a new tag
Caveats
  • Supply blocks, unpowered buildings, or Contaminate may cause inaccurate times.
  • Supply counts are checked every 10 seconds.